 Dungeon Crawl Stone Soup version 0.27-a0-1228-gfd60fd639a (webtiles) character file.

Game seed: 14579838416169882530

232750 avis the Executioner (level 19, 0/170 HPs)
             Began as a Hill Orc Monk on June 3, 2021.
             Was an Elder of Beogh.
             Slain by a grey draconian monk (14 damage)
             ... summoned by old memories
             ... in a wizard's laboratory on June 8, 2021.
             The game lasted 07:16:46 (60413 turns).

avis the Executioner (Hill Orc Monk)               Turns: 60413, Time: 07:16:47

Health: 0/170      AC: 29    Str: 28    XL:     19   Next: 9%
Magic:  30/32      EV: 12    Int:  7    God:    Beogh [****..]
Gold:   413        SH:  0    Dex: 13    Spells: 18/18 levels left

rFire    . . .     SeeInvis .   a - +11 executioner's axe of Midnight {freeze, *Noise rElec rPois rC+}
rCold    + + +     Faith    +   (shield currently unavailable)
rNeg     + + +     Spirit   .   M - +8 scale mail "Hero's Friend" {rPois rCorr}
rPois    +         Reflect  .   S - +2 helmet {rC+}
rElec    +         Harm     .   f - +1 cloak {Will+}
rCorr    +         Rampage  .   e - +0 pair of gloves
Will     +++++                  J - +2 pair of boots
Stlth    ..........             T - amulet of faith
HPRegen  0.38/turn              C - ring of Xom's Ringing Laughter {rC+ rN+++ Will+++ Int-3 Stlth-}
MPRegen  0.23/turn              Y - +6 ring of strength

@: studying 3 skills
A: no striking features
}: 2/15 runes: decaying, gossamer
a: Renounce Religion, Smiting, Recall Orcish Followers


You were in a wizard's laboratory.
You worshipped Beogh.
Beogh was greatly pleased with you.
You visited 8 branches of the dungeon, and saw 32 of its levels.
You also visited: Gauntlet, Ice Cave and Wizlab.

You collected 3483 gold pieces.
You spent 3070 gold pieces at shops.

Inventory:

Hand Weapons
 a - the +11 executioner's axe of Midnight (weapon) {freeze, *Noise rElec rPois rC+}
   (You acquired it on level 11 of the Dungeon)

   It has been specially enchanted to freeze those struck by it, causing extra
   injury to most foes and up to half again as much damage against particularly
   susceptible opponents.
   It can also slow down cold-blooded creatures.
   It protects you from cold.
   It insulates you from electricity.
   It protects you from poison.
   It may make noises in combat.
 b - a +3 eveningstar of freezing
 l - a +2 vorpal broad axe
 r - a +7 eveningstar of draining
 t - a +1 morningstar of freezing
 z - a +2 vorpal long sword
 L - a +3 vorpal halberd
 P - a +0 spear
Missiles
 w - 27 arrows
 Q - 3 throwing nets (quivered)
Armour
 e - a +0 pair of gloves (worn)
 f - a +1 cloak of willpower (worn)
 i - a +0 chain mail
 u - the +2 tower shield of Duty {Dex+2}
   (You bought it in a shop on level 2 of the Orcish Mines)

   It affects your dexterity (+2).
 J - a +2 pair of boots (worn)
 M - the +8 scale mail "Hero's Friend" (worn) {rPois rCorr}
   (You found it on level 1 of the Spider Nest)

   It protects you from poison.
   It protects you from acid and corrosion.
 S - a +2 helmet of cold resistance (worn)
Jewellery
 s - a ring of see invisible
 y - a ring of flight
 C - the ring of Xom's Ringing Laughter (left hand) {rC+ rN+++ Will+++ Int-3 Stlth-}
   (You found it in an ice cave)

   [ring of protection from cold]

   It affects your intelligence (-3).
   It protects you from cold.
   It renders you almost immune to negative energy.
   It greatly increases your willpower.
   It makes you less stealthy.
 T - an amulet of faith (around neck)
 X - a ring of protection from fire
 Y - a +6 ring of strength (right hand)
Wands
 d - a wand of digging (11)
 v - a wand of iceblast (4)
 x - a wand of paralysis (19)
 A - a wand of flame (66)
 B - a wand of polymorph (21)
 D - a wand of acid (15)
 E - a wand of charming (12)
 I - a wand of mindburst (6)
Scrolls
 g - 7 scrolls of fear
 n - 3 scrolls of fog
 F - a scroll of summoning
 G - 6 scrolls of magic mapping
 K - a scroll of silence
 U - a scroll of holy word
 W - 5 scrolls of teleportation
Potions
 j - 10 potions of brilliance
 k - 3 potions of magic
 o - a potion of might
 p - 13 potions of flight
 q - a potion of cancellation
 N - 2 potions of invisibility
 O - 7 potions of ambrosia
 R - 10 potions of haste
Miscellaneous
 c - a phial of floods
 h - a box of beasts
 H - a tin of tremorstones (2/2)
 Z - a condenser vane


   Skills:
 - Level 15.0 Fighting
 - Level 26.0 Axes
 + Level 14.8 Armour
 - Level 5.0 Dodging
 - Level 1.5 Stealth
 * Level 19.9 Invocations
 + Level 7.9 Evocations


You had 18 spell levels left.
You didn't know any spells.
Your spell library contained the following spells:

 Spells                   Type           Power      Damage    Failure   Level
 Animate Skeleton         Necr           0%         N/A       63%         1
 Beastly Appendage        Tmut           0%         N/A       63%         1
 Foxfire                  Conj/Fire      0%         2x1d4     63%         1
 Freeze                   Ice            0%         1d3       63%         1
 Magic Dart               Conj           0%         1d3       63%         1
 Pain                     Necr           0%         1d4       63%         1
 Shock                    Conj/Air       0%         1d3       63%         1
 Summon Small Mammal      Summ           0%         N/A       63%         1
 Call Imp                 Summ           0%         N/A       77%         2
 Searing Ray              Conj           0%         3d3       77%         2
 Static Discharge         Conj/Air       0%         N/A       77%         2
 Wereblood                Tmut           0%         N/A       77%         2
 Call Canine Familiar     Summ           0%         N/A       94%         3
 Confusing Touch          Hex            0%         N/A       94%         3
 Conjure Flame            Conj/Fire      0%         6-21      94%         3
 Dazzling Flash           Conj/Hex       0%         N/A       94%         3
 Frozen Ramparts          Ice            0%         1d2       94%         3
 Gell's Gravitas          Tloc           0%         N/A       94%         3
 Inner Flame              Hex/Fire       0%         N/A       94%         3
 Ozocubu's Armour         Ice            0%         N/A       94%         3
 Portal Projectile        Hex/Tloc       0%         N/A       94%         3
 Spider Form              Tmut/Pois      0%         N/A       94%         3
 Summon Guardian Golem    Hex/Summ       0%         N/A       94%         3
 Swiftness                Air            0%         N/A       94%         3
 Vampiric Draining        Necr           0%         2d6       94%         3
 Airstrike                Air            0%         N/A       100%        4
 Animate Dead             Necr           0%         N/A       100%        4
 Cause Fear               Hex            0%         N/A       100%        4
 Fulminant Prism          Conj/Hex       0%         3d6       100%        4
 Hailstorm                Conj/Ice       0%         3d3       100%        4
 Ice Form                 Ice/Tmut       0%         N/A       100%        4
 Iskenderun's Mystic Bla  Conj/Tloc      0%         2d3       100%        4
 Passage of Golubria      Tloc           N/A        N/A       100%        4
 Petrify                  Tmut/Erth      0%         N/A       100%        4
 Sticky Flame             Conj/Fire      0%         2d3       100%        4
 Summon Ice Beast         Ice/Summ       0%         N/A       100%        4
 Summon Lightning Spire   Summ/Air       0%         N/A       100%        4
 Agony                    Necr           0%         N/A       100%        5
 Fireball                 Conj/Fire      0%         3d3       100%        5
 Hydra Form               Tmut           0%         N/A       100%        5
 Lightning Bolt           Conj/Air       0%         1d11      100%        5
 Manifold Assault         Tloc           0%         N/A       100%        5
 Metabolic Englaciation   Hex/Ice        0%         N/A       100%        5
 Yara's Violent Unravell  Hex/Tmut       0%         3d3       100%        5
 Dispersal                Tloc           0%         N/A       100%        6
 Dragon Form              Tmut           0%         N/A       100%        7
 Disjunction              Tloc           0%         N/A       100%        8
 Dragon's Call            Summ           0%         N/A       100%        9


Dungeon Overview and Level Annotations

Branches:
Dungeon (13/15)            Temple (1/1) D:5            Lair (6/6) D:9
  Swamp (4/4) Lair:4       Spider (4/4) Lair:4        Slime (0/5) Lair:6
    Orc (2/2) D:12            Elf (1/3) Orc:2        Vaults (1/5) D:13
  IceCv (visited)          WizLab (1/1)             Gauntlet (visited)

Altars:
Cheibriados
Kikubaaqudgha
Makhleb
Okawaru
Qazlal
Ru
Uskayaw
Vehumet
Wu Jian
Yredelemnul
Zin
Beogh
Jiyva

Shops:
D:4 *   D:12 ?   Orc:2 [:?=*((   Elf:1 (


Message History

* * * LOW HITPOINT WARNING * * *
The grey draconian monk tail-slaps you but does no damage.
You slice the grey draconian monk!! You freeze the grey draconian monk.
You kill the grey draconian monk!
The grey draconian monk's corpse dissolves into shadows!
You start resting.
One of the shadowy figures appears more solid!
Aiming: Smiting
Press: ? - help, Dir - move target, f - grey draconian monk Smite: a grey draconian monk, wearing a +0 cloak (summoned)
You smite the grey draconian monk!
The grey draconian monk is moderately wounded.
You can no longer walk on water.
You can no longer give items to your followers.
You cut the grey draconian monk into ribbons!!!
You freeze the grey draconian monk!
The grey draconian monk is severely wounded.
You miss the grey draconian monk.
Your executioner's axe of Midnight raves incoherently.
The grey draconian monk is severely wounded.
The grey draconian monk hits you but does no damage.
The grey draconian monk kicks you but does no damage.
The grey draconian monk tail-slaps you!
* * * LOW HITPOINT WARNING * * *
The grey draconian monk tail-slaps you but does no damage.
You closely miss the grey draconian monk.
The grey draconian monk is severely wounded.
The grey draconian monk hits you!!
* * * LOW HITPOINT WARNING * * *
The grey draconian monk closely misses you.
The grey draconian monk tail-slaps you!
* * * LOW HITPOINT WARNING * * *
The grey draconian monk barely misses you.
You feel better. The grey draconian monk hits you!
* * * LOW HITPOINT WARNING * * *
The grey draconian monk kicks you but does no damage.
The grey draconian monk tail-slaps you but does no damage.
The grey draconian monk completely misses you.
You feel better. The grey draconian monk hits you!
You die...

##### .
##...##♣♣....
#.q@..+......
##...##♣.....
##### ... .


You could see a grey draconian monk (summoned).

Vanquished Creatures
  Agnes (Spider:4)
  Kirke (Lair:6)
  Frances (D:12)
  A thorn hunter (Swamp:3)
  3 azure jellies
  8 emperor scorpions
  2 ghost moths
  Aizul (Swamp:1)
  A vault warden (Vaults:1)
  Louise (Swamp:4)
  A quicksilver ooze (IceCv)
  The ghost of Vylera the Grand Scion, a journeyman DsFE of Hepliaklqana (D:13)
  An ironbound preserver (Vaults:1)
  A very ugly thing (Vaults:1)
  A minotaur (Gauntlet)
  The ghost of mordus the Thaumaturge, a journeyman DjEE of Yredelemnul (D:11)
  A bunyip (Swamp:4)
  2 dire elephants
  5 eleionomae
  2 entropy weavers
  Snorg (D:11)
  A spark wasp (Spider:4)
  A deep elf death mage (Elf:1)
  A green death (Gauntlet)
  An ettin (Orc:1)
  The ghost of Pooter the Grappler, a journeyman TrFi (D:11)
  2 shambling mangroves (Swamp:4)
  A yaktaur captain (Vaults:1)
  21 hydras
  2 ironbound thunderhulks (Vaults:1)
  6 vault guards (D:13)
  4 boulder beetles
  Erolcha (Orc:1)
  Fannar (D:11)
  3 ghost crabs (Swamp:3)
  A centaur warrior (D:13)
  The ghost of Dordric the Severer, a journeyman HOFi of Xom (D:11)
  An ogre mage (D:13)
  2 ironbound frosthearts (Vaults:1)
  A catoblepas (Lair:6)
  3 two-headed ogres
  7 alligators
  6 death yaks
  A tengu warrior (D:13)
  A dancing weapon (Elf:1)
  Urug (D:12)
  An orc high priest (Orc:1)
  2 ironbound beastmasters (Vaults:1)
  A deep elf knight (Swamp:3)
  Sonja (D:12)
  3 goliath frogs
  8 spriggan druids
  7 swamp dragons
  4 deep trolls (Vaults:1)
  4 lindwurms
  3 deep elf archers
  4 bog bodies
  A phantasmal warrior (Vaults:1)
  A wizard (Vaults:1)
  4 deep elf pyromancers
  An ironbound convoker (Vaults:1)
  4 deep elf zephyrmancers (Elf:1)
  11 orb spiders
  3 orc knights
  2 will-o-the-wisps
  4 ugly things
  20 wolf spiders
  An oklob plant (Lair:5)
  3 cyclopes
  2 centaur zombies (D:11)
  Maurice (D:12)
  2 vault sentinels (Vaults:1)
  2 moths of wrath
  15 elephants
  5 black mambas
  8 cane toads
  4 ice statues
  A torpor snail (Gauntlet)
  An orange demon (Gauntlet)
  A kobold demonologist (D:12)
  8 komodo dragons
  3 yaktaurs (Vaults:1)
  2 entropy weaver simulacra (IceCv)
  3 rime drakes
  6 demonic crawlers
  7 trolls
  13 jumping spiders
  7 tyrant leeches
  2 polar bears
  A very ugly thing simulacrum (IceCv)
  10 hornets
  7 blink frogs
  6 slime creatures
  A shadow (D:10)
  36 yaks
  A vampire (D:6)
  A water elemental (Elf:1)
  52 redbacks
  8 spriggans
  An air elemental (Elf:1)
  16 tarantellas
  5 basilisks
  2 wraiths
  4 wyverns
  2 hogs (Lair:6)
  3 steam dragons
  5 wargs (Orc:2)
  6 vampire mosquitoes
  An acid dragon (D:13)
  10 swamp worms
  2 demonic crawler simulacra (IceCv)
  10 water moccasins
  3 hell hounds
  8 swamp drakes
  10 orc warriors
  3 ugly thing simulacra (IceCv)
  5 wolves
  8 ogres
  9 centaurs
  2 phantoms
  2 kobold brigands (D:12)
  7 bullfrogs
  A scorpion (D:5)
  A water moccasin zombie (D:5)
  2 water moccasin skeletons
  2 killer bees (D:6)
  2 electric eels
  6 wights
  7 howler monkeys
  2 lava snakes (Lair:6)
  4 jellies
  An orc priest (D:12)
  3 bullfrog skeletons
  5 iguanas
  8 hell rats
  5 orc wizards
  Robin (D:3)
  7 gnolls
  8 adders
  A shadow imp (D:5)
  2 white imps
  2 ufetubi
  3 worms
  2 dart slugs
  13 orcs
  9 ball pythons
  15 endoplasms
  2 giant cockroaches (D:1)
  14 goblins
  10 hobgoblins
  3 quokkas
  6 bats
  15 frilled lizards
  9 kobolds
  6 rats
  A spectral orc (D:8)
  A bush (D:1)
720 creatures vanquished.

Vanquished Creatures (collateral kills)
  Arachne (Spider:2)
  2 azure jellies
  A rockslime (IceCv)
  2 quicksilver oozes (IceCv)
  A dire elephant (Swamp:3)
  A fire dragon (Lair:6)
  The ghost of robertstho the Quickloader, a journeyman DDHu of Makhleb (D:10)
  4 boulder beetles
  Harold (D:8)
  2 vault guards (D:13)
  11 hydras
  2 two-headed ogres (D:10)
  4 death yaks
  3 bog bodies
  2 goliath frogs
  A lindwurm (Lair:6)
  An orc knight (Orc:2)
  A deep elf pyromancer (Elf:1)
  An orb spider (Spider:1)
  8 wolf spiders
  2 ugly things (D:13)
  4 deep elf zephyrmancers (Elf:1)
  A will-o-the-wisp (Swamp:1)
  3 oklob plants (Lair:5)
  A cyclops (D:11)
  A vault sentinel (Vaults:1)
  9 black mambas
  An ice statue (Spider:3)
  8 cane toads
  5 elephants
  2 molten gargoyles (Lair:6)
  2 torpor snails
  5 komodo dragons
  2 kobold demonologists
  A rime drake (Lair:2)
  A very ugly thing simulacrum (IceCv)
  A tengu conjurer (D:13)
  A demonic crawler (Spider:4)
  5 hornets
  8 jumping spiders
  2 tyrant leeches
  8 dream sheep (Lair:4)
  A blink frog (Lair:5)
  3 slime creatures
  A meliai zombie (D:10)
  18 redbacks
  8 tarantellas
  A water elemental (Elf:1)
  A shadow (D:10)
  2 hogs (Lair:6)
  4 wyverns
  32 yaks
  3 vampires (D:10)
  Grum (D:11)
  2 humans (D:8)
  2 basilisks
  A steam dragon (D:9)
  2 vampire mosquitoes
  2 wargs
  2 hell hounds (Lair:6)
  7 water moccasins
  An ice beast (D:8)
  A sky beast (D:6)
  2 orc warriors
  7 wolves
  A centaur (D:11)
  A necrophage (D:6)
  2 kobold brigands (D:12)
  A scorpion (D:7)
  12 bullfrogs
  A water moccasin skeleton (D:6)
  4 killer bees
  2 howler monkeys
  10 wights
  2 electric eels
  3 lava snakes (Lair:6)
  2 centaur zombies
  2 hounds
  A jelly (D:8)
  An orc priest (D:8)
  6 iguanas (Lair:5)
  2 orc wizards
  A howler monkey zombie (D:10)
  A shadow imp (D:6)
  An ufetubus (D:6)
  6 orcs
  5 kobolds
  8 frilled lizards (Lair:5)
  2 bushes
304 creatures vanquished.

Vanquished Creatures (others)
  3 orc knights
  A deep elf zephyrmancer (Elf:1)
  8 orc warriors
  3 bloated husks
  A human (Lair:6)
  2 demonic crawler simulacra (IceCv)
  A glowing shapeshifter simulacrum (IceCv)
  13 orc priests
  10 orc wizards
  An adder (D:3)
  39 orcs
  A hobgoblin (D:3)
  A frilled lizard (D:3)
  21 demonic plants (Gauntlet)
  6 foxfires
  30 fungi
  66 plants
207 creatures vanquished.

Grand Total: 1231 creatures vanquished

Notes
Turn   | Place    | Note
-------+----------+-------------------------------------------
     0 | D:1      | avis the Hill Orc Monk began the quest for the Orb.
     0 | D:1      | Reached XP level 1. HP: 19/19 MP: 1/1
   539 | D:1      | Reached XP level 2. HP: 27/27 MP: 2/2
  1558 | D:1      | Reached skill level 5 in Axes
  1711 | D:1      | Reached XP level 3. HP: 30/33 MP: 3/3
  3745 | D:2      | Reached XP level 4. HP: 16/41 MP: 4/4
  4158 | D:2      | Reached skill level 6 in Axes
  4401 | D:2      | Found a faded altar of an unknown god.
  5235 | D:3      | Reached XP level 5. HP: 47/47 MP: 5/5
  5325 | D:3      | Became a worshipper of Beogh the Brigand
  5325 | D:3      | Reached * piety under Beogh
  5325 | D:3      | Reached ** piety under Beogh
  5386 | D:3      | Found a stormy altar of Qazlal.
  5520 | D:3      | Noticed Robin
  5543 | D:3      | Killed Robin
  5936 | D:3      | Reached skill level 1 in Invocations
  6149 | D:3      | Reached skill level 5 in Fighting
  6149 | D:3      | Reached skill level 7 in Axes
  6779 | D:3      | Reached XP level 6. HP: 32/56 MP: 7/7
  7084 | D:4      | Found Kamefy's General Store.
  7181 | D:4      | Reached *** piety under Beogh
  7248 | D:4      | Reached skill level 8 in Axes
  7741 | D:5      | Entered Level 5 of the Dungeon
  7785 | D:5      | Reached XP level 7. HP: 48/61 MP: 9/9
  7885 | D:5      | Found a sacrificial altar of Ru.
  7905 | D:5      | Reached skill level 9 in Axes
  7951 | D:5      | Found Nech's Magic Scroll Shop.
  8178 | D:5      | Found a staircase to the Ecumenical Temple.
  8184 | Temple   | Entered the Ecumenical Temple
  8325 | D:5      | Reached skill level 10 in Axes
  8325 | D:5      | Reached skill level 5 in Invocations
  8396 | D:5      | Reached XP level 8. HP: 62/68 MP: 11/11
  8431 | D:5      | Found a snail-covered altar of Cheibriados.
  9148 | D:6      | Reached skill level 11 in Axes
  9230 | D:6      | Noticed a vampire
  9239 | D:6      | Killed a vampire
  9948 | D:6      | Reached **** piety under Beogh
  9949 | D:6      | Reached skill level 12 in Axes
 10027 | D:6      | Reached XP level 9. HP: 68/74 MP: 14/14
 10313 | D:5      | Bought a scroll of brand weapon for 240 gold pieces
 10313 | D:5      | Bought a scroll of noise for 12 gold pieces
 10313 | D:5      | Bought a scroll of identify for 24 gold pieces
 11065 | D:7      | Reached skill level 13 in Axes
 12009 | D:7      | Found a glowing silver altar of Zin.
 12349 | D:8      | Noticed Harold
 12363 | D:8      | Killed Harold
 12364 | D:8      | Reached skill level 14 in Axes
 12364 | D:8      | Reached skill level 10 in Invocations
 12695 | D:8      | Found an iron altar of Okawaru.
 12707 | D:8      | Reached XP level 10. HP: 72/81 MP: 17/17
 12708 | D:8      | Gained Orgrim as an ally
 12889 | D:8      | Found a large runed translucent door.
 12901 | D:8      | Found a large runed translucent door.
 13008 | D:8      | Found a basalt altar of Yredelemnul.
 13680 | D:5      | Bought a scroll of enchant weapon for 90 gold pieces
 13990 | D:9      | Found a staircase to the Lair.
 13992 | D:9      | Noticed a boulder beetle
 14014 | D:9      | Killed a boulder beetle
 14039 | D:9      | Found an ornate altar of the Wu Jian Council.
 14533 | D:5      | Bought a scroll of magic mapping for 42 gold pieces
 14655 | Lair:1   | Entered Level 1 of the Lair of Beasts
 14687 | Lair:1   | Reached skill level 1 in Armour
 14689 | Lair:1   | Noticed a cane toad
 14690 | Lair:1   | Noticed a black mamba
 14695 | Lair:1   | Killed a cane toad
 14705 | Lair:1   | Killed a black mamba
 14705 | Lair:1   | Gained Syrus as an ally
 14719 | Lair:1   | Your ally Syrus died
 14737 | Lair:1   | Reached skill level 5 in Armour
 14772 | Lair:1   | Reached XP level 11. HP: 88/88 MP: 21/21
 15523 | Lair:1   | You fall into a shaft and drop 1 floor!
 15859 | Lair:1   | Noticed a six-headed hydra
 15863 | Lair:1   | Killed a six-headed hydra
 16448 | D:5      | Bought a scroll of fear for 42 gold pieces
 16448 | D:5      | Bought a scroll of amnesia for 42 gold pieces
 16448 | D:5      | Bought a scroll of identify for 24 gold pieces
 16448 | D:5      | Bought a scroll of identify for 24 gold pieces
 16448 | D:5      | Bought a scroll of amnesia for 42 gold pieces
 17082 | Lair:2   | Noticed a five-headed hydra
 17089 | Lair:2   | Killed a six-headed hydra
 18722 | Lair:3   | Reached skill level 10 in Fighting
 18943 | Lair:3   | Noticed an eight-headed hydra
 18948 | Lair:3   | Killed an eight-headed hydra
 18949 | Lair:3   | Reached XP level 12. HP: 53/106 MP: 21/23
 19438 | D:10     | Entered Level 10 of the Dungeon
 19502 | D:10     | Noticed a two-headed ogre
 19513 | D:10     | Killed a two-headed ogre
 19514 | D:10     | Reached skill level 15 in Axes
 19815 | D:10     | Found a transporter.
 19818 | D:10     | Found a transporter.
 19818 | D:10     | Noticed robertstho's ghost (journeyman DDHu)
 19858 | D:10     | Noticed a four-headed hydra
 19863 | D:10     | Killed a four-headed hydra
 19864 | D:10     | Reached skill level 15 in Invocations
 20303 | D:10     | Noticed a two-headed ogre
 20309 | D:10     | Killed a two-headed ogre
 20634 | Lair:4   | Found a staircase to the Swamp.
 20693 | Lair:4   | Found a hole to the Spider Nest.
 20711 | Lair:4   | Reached ***** piety under Beogh
 20748 | Lair:4   | Noticed a five-headed hydra
 20752 | Lair:4   | Killed a five-headed hydra
 20922 | Lair:4   | Noticed a four-headed hydra
 20929 | Lair:4   | Killed a four-headed hydra
 20930 | Lair:4   | Reached skill level 5 in Dodging
 21507 | Lair:4   | Noticed a six-headed hydra
 21513 | Lair:4   | Killed a six-headed hydra
 21515 | Lair:4   | Noticed a death yak
 21515 | Lair:4   | Noticed a death yak
 21525 | Lair:4   | Noticed a death yak
 21536 | Lair:4   | Killed a death yak
 21544 | Lair:4   | Killed a death yak
 21562 | Lair:4   | Killed a death yak
 21563 | Lair:4   | Reached skill level 16 in Axes
 21786 | Lair:4   | Reached XP level 13. HP: 113/113 MP: 25/25
 21831 | Lair:4   | HP: 4/113 [black mamba (10)]
 22261 | Lair:4   | Reached skill level 17 in Axes
 23489 | D:4      | Bought 2 scrolls of enchant weapon for 210 gold pieces
 23730 | D:11     | Noticed Grum
 23820 | D:11     | Identified a scroll of acquirement
 23820 | D:11     | Acquired the +11 executioner's axe of Midnight {freeze,
                  | *Noise rElec rPois rC+}
 23904 | D:11     | Noticed Fannar
 23908 | D:11     | Killed Fannar
 23944 | D:11     | Found a gate leading to a gauntlet.
 23968 | Gauntlet | Entered a Gauntlet
 23968 | Gauntlet | Found a transporter.
 23968 | Gauntlet | Found a transporter.
 23968 | Gauntlet | Found a transporter.
 23992 | Gauntlet | Found a transporter.
 24010 | Gauntlet | Found a transporter.
 24010 | Gauntlet | Found a transporter.
 24015 | Gauntlet | Noticed a green death
 24024 | Gauntlet | Found a transporter.
 24059 | Gauntlet | Found a transporter.
 24059 | Gauntlet | Found a transporter.
 24072 | Gauntlet | Found a transporter.
 24080 | Gauntlet | Found a transporter.
 24138 | Gauntlet | Found a transporter.
 24212 | Gauntlet | Paralysed by a hornet for 2 turns
 24359 | Gauntlet | Identified the ring of Uxtiara {Ice Drain rPois Int+3}
 24506 | Gauntlet | Killed a green death
 24510 | Gauntlet | Reached skill level 18 in Axes
 24556 | Gauntlet | Identified the +7 halberd "Widaipodgh" {vorpal, rElec rN+++
                  | Dex-3 Stlth+}
 24556 | Gauntlet | Noticed a minotaur
 24566 | Gauntlet | Killed a minotaur
 24886 | D:11     | Killed Grum
 25121 | D:11     | Found a runed translucent gate.
 25121 | D:11     | Found a runed translucent gate.
 25121 | D:11     | Found a runed translucent gate.
 25126 | D:11     | Noticed mordus's ghost (journeyman DjEE)
 25126 | D:11     | Noticed Dordric's ghost (journeyman HOFi)
 25183 | D:11     | Noticed Pooter's ghost (journeyman TrFi)
 25262 | D:11     | Noticed Snorg
 25270 | D:11     | Killed Snorg
 25530 | D:11     | Found the +6 Majin-Bo {vamp, MP+6 Int+6}
 25530 | D:11     | Found the ring of the Mage {Wiz Will++ Int+3}
 25791 | D:12     | Noticed Nergalle
 25888 | D:12     | Found a staircase to the Orcish Mines.
 26096 | D:12     | Reached XP level 14. HP: 105/121 MP: 26/26
 26266 | D:12     | Noticed Frances
 26276 | D:12     | Killed Frances
 26277 | D:12     | Reached skill level 19 in Axes
 26641 | D:12     | Found Vygoudas's Magic Scroll Boutique.
 26665 | D:12     | Bought a scroll of identify for 32 gold pieces
 26665 | D:12     | Bought a scroll of identify for 32 gold pieces
 26665 | D:12     | Bought a scroll of identify for 32 gold pieces
 26665 | D:12     | Bought a scroll of identify for 32 gold pieces
 26665 | D:12     | Bought a scroll of magic mapping for 56 gold pieces
 26665 | D:12     | Bought a scroll of identify for 32 gold pieces
 26665 | D:12     | Bought a scroll of teleportation for 48 gold pieces
 26665 | D:12     | Bought a scroll of blinking for 120 gold pieces
 26972 | Lair:1   | Upgraded the game from 0.27-a0-1202-ge72e49191c to
                  | 0.27-a0-1217-g8a41f320e8
 27477 | Lair:5   | Gained Okrist as an ally
 28197 | Lair:5   | Reached skill level 20 in Axes
 28365 | Lair:5   | Gained Grimold as an ally
 28653 | Lair:5   | Reached ****** piety under Beogh
 29486 | Lair:5   | Identified the +5 war axe of Conformity {flame, Int+2}
 29502 | Lair:5   | Identified the amulet "Roegoivu" {Reflect +Inv rCorr Int+3
                  | SH+5}
 30144 | Orc:1    | Entered Level 1 of the Orcish Mines
 30144 | Orc:1    | Noticed Maurice
 30166 | D:12     | Killed Maurice
 30451 | Orc:1    | Noticed Urug
 30458 | Orc:1    | Noticed Sonja
 30465 | D:12     | Killed Urug
 31095 | Swamp:1  | Entered Level 1 of the Swamp
 31547 | Lair:6   | Entered Level 6 of the Lair of Beasts
 32059 | Lair:6   | Reached skill level 10 in Armour
 32198 | Lair:6   | Reached skill level 21 in Axes
 32220 | Lair:6   | Gained Thorok as an ally
 32221 | Lair:6   | Reached XP level 15. HP: 81/126 MP: 27/27
 32624 | Lair:6   | Found a large runed translucent door.
 32648 | Lair:6   | Found a large runed translucent door.
 32665 | Lair:6   | Noticed Kirke
 32672 | Lair:6   | Killed Kirke
 32679 | Lair:6   | Reached skill level 22 in Axes
 32887 | Lair:6   | Found a runed translucent door.
 32893 | Lair:6   | Found a viscous altar of Jiyva.
 32894 | Lair:6   | Noticed an azure jelly
 32895 | Lair:6   | Found a staircase to the Slime Pits.
 32895 | Lair:6   | Noticed an azure jelly
 33688 | Spider:1 | Entered Level 1 of the Spider Nest
 34451 | Spider:1 | Noticed an emperor scorpion
 34463 | Spider:1 | Killed an emperor scorpion
 34604 | Spider:1 | HP: 3/128 [wolf spider (17)]
 35574 | D:12     | Killed Sonja
 35575 | D:12     | Reached skill level 23 in Axes
 35630 | Orc:1    | Noticed Erolcha
 36153 | Spider:1 | Killed a ghost moth
 36310 | Spider:1 | Identified the +8 scale mail "Hero's Friend" {rPois rCorr}
 37467 | Orc:1    | Killed Erolcha
 37953 | Orc:2    | Entered Level 2 of the Orcish Mines
 38833 | Spider:3 | Found a frozen archway.
 38849 | Spider:2 | Reached XP level 16. HP: 126/138 MP: 28/28
 38862 | Spider:3 | Noticed Arachne
 38870 | Spider:2 | Killed Arachne
 39143 | IceCv    | Entered an ice cave
 39547 | IceCv    | Gained Thorok as an ally
 39547 | IceCv    | Gained Marbaugh as an ally
 39551 | IceCv    | Your ally Marbaugh died
 39579 | IceCv    | Got the ring "Esimas" {rC+ Int-2 Dex+6}
 39898 | IceCv    | HP: 1/139 [acid (20)]
 40379 | IceCv    | Noticed an azure jelly
 40381 | IceCv    | Noticed a rockslime
 40386 | IceCv    | Killed a rockslime
 40387 | IceCv    | Reached skill level 24 in Axes
 40390 | IceCv    | Killed an azure jelly
 40457 | IceCv    | Noticed an azure jelly
 40462 | IceCv    | Killed an azure jelly
 40462 | IceCv    | Noticed an azure jelly
 40467 | IceCv    | Killed an azure jelly
 40566 | IceCv    | Found a viscous altar of Jiyva.
 40580 | IceCv    | Identified the ring of Balance {*Corrode Will+ AC+4 Str+8
                  | Dex+3}
 40632 | IceCv    | Got the ring of Xom's Ringing Laughter {rC+ rN+++ Will+++
                  | Int-3 Stlth-}
 40639 | IceCv    | Got the ring "Weomyomm" {Ice Int+4}
 41575 | Spider:4 | Entered Level 4 of the Spider Nest
 42563 | Spider:4 | Gained Harm as an ally
 43186 | Orc:2    | Found Jiapnoa's Book Shoppe.
 43224 | Orc:2    | Found Ramil Wu Paw's Armour Emporium.
 43267 | Orc:2    | Found a burning altar of Makhleb.
 43809 | Spider:4 | Reached skill level 25 in Axes
 43820 | Spider:3 | Gained Jorge as an ally
 45002 | Spider:4 | Reached XP level 17. HP: 122/151 MP: 29/29
 45123 | Spider:4 | Noticed Agnes
 45138 | Spider:4 | Killed Agnes
 45248 | Spider:4 | Gained Murdo as an ally
 45819 | Spider:4 | Got a gossamer rune of Zot
 46105 | Swamp:1  | Gained Orkwin as an ally
 46250 | Lair:1   | Upgraded the game from 0.27-a0-1217-g8a41f320e8 to
                  | 0.27-a0-1219-g958d993ae5
 46364 | D:8      | Found an ancient bone altar of Kikubaaqudgha.
 46367 | D:8      | Found a hide-covered altar of Uskayaw.
 46502 | D:10     | Killed robertstho's ghost
 46611 | D:11     | Killed mordus's ghost
 46612 | D:11     | Killed Dordric's ghost
 46613 | D:11     | Killed Pooter's ghost
 47324 | Swamp:1  | Reached skill level 26 in Axes
 47328 | Swamp:1  | Paralysed by a hornet for 3 turns
 48629 | Swamp:2  | Noticed Aizul
 48645 | Swamp:1  | Killed Aizul
 48896 | Swamp:1  | Acquired a manual of Armour
 49507 | Swamp:2  | Reached skill level 15 in Fighting
 49585 | Swamp:2  | Reached skill level 1 in Evocations
 49601 | Swamp:2  | You fall into a shaft and drop 1 floor!
 50226 | Swamp:3  | Your ally Murdo died
 50228 | Swamp:3  | Your ally Harm died
 51616 | Swamp:4  | Entered Level 4 of the Swamp
 52174 | Swamp:4  | Noticed Louise
 52276 | Swamp:4  | Killed Louise
 52277 | Swamp:4  | Reached XP level 18. HP: 163/163 MP: 20/30
 52634 | Swamp:4  | Reached skill level 5 in Evocations
 52904 | Swamp:4  | HP: 1/163 [spriggan druid/stone arrow (17)]
 54426 | Swamp:4  | Got a decaying rune of Zot
 55227 | D:13     | Found a runed translucent gate.
 55228 | D:13     | Found a runed translucent gate.
 55228 | D:13     | Noticed Vylera's ghost (journeyman DsFE)
 55229 | D:13     | Found a runed translucent gate.
 55522 | D:13     | HP: 8/163 [vault guard/+2 glaive (1)]
 55526 | D:13     | Gained Garbold as an ally
 55606 | D:13     | Found a gate to the Vaults.
 56444 | D:13     | Killed Vylera's ghost
 56837 | Vaults:1 | Entered Level 1 of the Vaults
 57123 | Vaults:1 | Your ally Jorge died
 57657 | Orc:2    | Gained Boldo as an ally
 57724 | Orc:2    | Found a roughly hewn altar of Beogh.
 57889 | Orc:2    | Found a staircase to the Elven Halls.
 57912 | Orc:2    | Found Gisial's Antique Weapon Shoppe.
 58058 | Orc:2    | Found Caboxow's Assorted Antiques.
 58153 | Orc:2    | Found Ufaghen's Antique Weapon Boutique.
 58423 | Orc:2    | Found a roughly hewn altar of Beogh.
 58455 | Orc:2    | Gained Boghold as an ally
 58518 | Orc:2    | Found Sukemasey's Jewellery Boutique.
 58518 | Orc:2    | Found Noricwup's Magic Scroll Shoppe.
 58976 | Orc:2    | Bought a twisted hunting sling for 175 gold pieces
 58976 | Orc:2    | Identified the +1 hunting sling of Idepybol {flame, rPois
                  | rF+} (You bought it in a shop on level 2 of the Orcish
                  | Mines)
 58985 | Orc:2    | Bought a scroll of magic mapping for 80 gold pieces
 58985 | Orc:2    | Bought a scroll of magic mapping for 80 gold pieces
 59067 | Orc:2    | Bought a scroll of brand weapon for 300 gold pieces
 59067 | Orc:2    | Bought a scroll of enchant armour for 112 gold pieces
 59102 | Orc:2    | Bought the +2 tower shield of Duty {Dex+2} for 411 gold
                  | pieces
 59360 | D:11     | Upgraded the game from 0.27-a0-1219-g958d993ae5 to
                  | 0.27-a0-1228-gfd60fd639a
 59466 | Orc:2    | Bought a glowing broad axe for 161 gold pieces
 59466 | Orc:2    | Bought a runed eveningstar for 414 gold pieces
 59466 | Orc:2    | Bought a glowing morningstar for 161 gold pieces
 59482 | Elf:1    | Entered Level 1 of the Elven Halls
 59500 | Elf:1    | Reached XP level 19. HP: 152/170 MP: 32/32
 59521 | Elf:1    | Found a radiant altar of Vehumet.
 59767 | Elf:1    | Found Wuinisil's Weapon Boutique.
 59819 | Elf:1    | Found a magical portal.
 59827 | WizLab   | Entered Wucad Mu's Monastery
 60411 | WizLab   | HP: 3/170 [grey draconian monk[old memories] (7)]
 60413 | WizLab   | Slain by a grey draconian monk

Illustrated notes

Levels and vault maps discovered:
D:1:      dpeg_arrival_oval, layout_loops_corners, serial_forest,
          infiniplex_forest_end_1, infiniplex_forest_zigzag_1,
          infiniplex_forest_straight_2, infiniplex_forest_clump_large,
          infiniplex_forest_join, infiniplex_forest_clump_curved,
          infiniplex_forest_straight_3, chequers_serial_rivers_small_3
D:2:      layout_basic, hellmonk_ecumenical_altar_leap_of_faith,
          minmay_misc_feat_hallway
D:3:      layout_basic, lemuel_doored_altar, serial_co_window_serial,
          co_window_paths_a, co_window_paths_a, co_window_cross_1,
          co_window_of_opportunity_a, co_window_of_opportunity_a,
          co_window_cross_3, co_window_corner_cb, co_window_2corner,
          co_window_sun, co_window_paths_d, glass_columns_a, glass_columns_c,
          uniq_robin
D:4:      layout_basic, serial_shops, nicolae_shop_statue_plus,
          guppyfry_early_lair_pool
D:5:      layout_rooms, cheibriados_altar_1,
          nicolae_ru_great_annihilating_truth, minmay_temple_entry_fiery,
          serial_shops, shop_scrolls
D:6:      layout_layer_cave
D:7:      layout_basic, kennysheep_mini
D:8:      layout_gridville, yredelemnul_forgotten_temple_becter, okawaru_humans,
          jmf_multi_god_temple2, uniq_harold
D:9:      layout_roguey, overflow_temple_1_default, lair_entry_dummy,
          minmay_variable_closet, nzn_sisyphean_effort
D:10:     layout_loops_ring, gammafunk_ghost_mausoleum
D:11:     layout_cave_pools, gauntlet_entry_generic, gammafunk_ghost_cemetery,
          chequers_serial_rivers_micro_b, minivault_23, uniq_grum, uniq_fannar,
          uniq_snorg
D:12:     layout_basic, erik_orc_3, serial_shops, nicolae_shop_window_shopping,
          uniq_nergalle, uniq_frances
D:13:     layout_gridville, erik_vaults_2, gammafunk_ghost_split
Temple:   nicolae_temple_figure_eight
Lair:1:   layout_small_grid, nicolae_quartered_pool_medium, serial_bayou_pond_b,
          beast_lair_carwin_7, grunt_megastairs_2, lemuel_fruit_fields
Lair:2:   layout_cave_pods
Lair:3:   layout_chaotic_city, grunt_megastairs_1
Lair:4:   nzn_winding_woodlands_huge [nzn_winding_woodlands_5x15_split_checker,
          nzn_winding_woodlands_5x15_default,
          nzn_winding_woodlands_5x15_lazy_stream,
          nzn_winding_woodlands_5x15_concentric,
          nzn_winding_woodlands_5x15_river_crossing,
          nzn_winding_woodlands_5x15_sidewinder, nzn_winding_woodlands_5x15_eye,
          nzn_winding_woodlands_5x15_cabin, nzn_winding_woodlands_5x15_default,
          nzn_winding_woodlands_5x15_default,
          nzn_winding_woodlands_center_triple_pond,
          nzn_winding_woodlands_center_pierced_h,
          nzn_winding_woodlands_15x15_eel_pit], layout_small_grid,
          skrybe_swamp_entry_bodies, spider_nest_entry_webs
Lair:5:   lemuel_reptile_caves, layout_regular_city, minmay_lair_oklob_chamber
Lair:6:   cheibrodos_lair_end_hotspot, layout_cave_pods, slime_altar_2,
          uniq_kirke
Swamp:1:  layout_basic_swamp, serial_swamp_ruin, evilmike_swamp_ruin_house_2,
          evilmike_swamp_ruin_house_6, hangedman_swamp_ruin_wall, swamp_pool3,
          ldierk_geyser, nicolae_swamp_small_spring
Swamp:2:  layout_falls_marsh, evilmike_swamp_ruin_rubble_1, uniq_aizul
Swamp:3:  layout_falls_marsh, hangedman_swamp_diagram, swamp_pool4,
          beargit_elvish_explorers
Swamp:4:  swamp, layout_basic_swamp, uniq_louise
Spider:1: layout_spider_delve, nicolae_spider_some_kinda_spiderbox
Spider:2: layout_spider_delve
Spider:3: layout_spider_delve, portal_ice_cave_entry_ice_statue_two,
          uniq_arachne
Spider:4: grunt_spider_rune_circles, uniq_agnes
Orc:1:    layout_caves, uniq_sonja, uniq_urug, uniq_erolcha, uniq_maurice
Orc:2:    st_orc_town, layout_caves, serial_shops,
          nicolae_shop_overgrown_old_shop, shop, shop, basic_altar,
          enter_volcano_1, mines2_david
Elf:1:    eino_elf_arrival_altar, layout_onion_city, mu_enter_wizlab_1,
          serial_shops, shop, minivault_28, minmay_checkered_concentric_circles
Vaults:1: vaults_mumra_hexcomb, v_alt_pattern_6, nicolae_vaults_network_s,
          v_misc_17, vaults_room_fancy_cross, grunt_vaults_hallway_short,
          dpeg_vaults_monster_row, ontoclasm_vaults_eye,
          layout_vaults_maze_snakey, serial_shops, shop, uniq_saint_roka
WizLab:   wizlab_wucad

Skill      XL: |  1  2  3  4  5  6  7  8  9 10 11 12 13 14 15 16 17 18 |
---------------+-------------------------------------------------------+-----
Fighting       | 4 5 10 11 13 15 | 15.0
Axes           | 5 6 7 8 10 12 14 16 18 21 23 25 26 | 26.0
Invocations    | 2 3 5 7 10 13 14 16 17 19 | 19.9
Armour         | 5 7 10 12 14 | 14.8
Dodging        | 5 |  5.0
Evocations     | 4 7 |  7.9
Stealth        | |  1.5

Action                   |  1- 3 |  4- 6 |  7- 9 | 10-12 | 13-15 | 16-18 | 19-21 || total
-------------------------+-------+-------+-------+-------+-------+-------+-------++-------
Melee: Hand axe          |   208 |   158 |   166 |   431 |    61 |       |       ||  1024
       Short sword       |   156 |     3 |       |       |       |       |       ||   159
       Unarmed           |       |     8 |       |       |       |       |       ||     8
       Flail             |       |       |       |    14 |    22 |     7 |       ||    43
       Executioner's axe |       |       |       |       |   540 |   744 |   117 ||  1401
       Eveningstar       |       |       |       |       |       |    72 |       ||    72
 Fire: Hunting sling     |       |    59 |   110 |    97 |     5 |       |       ||   271
Throw: Stone             |       |       |       |    11 |       |       |       ||    11
Invok: Convert to Beogh  |       |     1 |       |       |       |       |       ||     1
       Smiting           |       |       |     8 |     5 |    16 |    25 |     3 ||    57
       Recall Orcish Fol |       |       |       |     2 |    30 |    21 |       ||    53
       Give Item to Name |       |       |       |     1 |     5 |     6 |       ||    12
       Stop Recall       |       |       |       |       |    10 |     8 |       ||    18
       Resurrection      |       |       |       |       |     2 |     2 |       ||     4
Evoke: Wand              |       |       |     2 |     4 |     3 |       |       ||     9
  Use: Scroll            |       |       |     5 |     7 |    14 |     7 |     1 ||    34
       Potion            |       |       |     2 |     6 |    13 |     7 |     2 ||    30
 Stab: Sleeping          |     3 |       |       |       |       |       |       ||     3
       Distracted        |       |       |       |     3 |    11 |     4 |     1 ||    19
       Confused          |       |       |       |       |     1 |       |       ||     1
Armor: Robe              |    15 |    10 |       |       |       |       |       ||    25
       Plate armour      |       |    58 |    38 |   109 |       |       |       ||   205
       Ring mail         |       |     2 |       |       |       |       |       ||     2
       Skin              |       |     2 |       |       |       |       |       ||     2
       Chain mail        |       |       |    90 |     2 |       |       |       ||    92
       Storm dragon scal |       |       |       |    84 |   506 |       |       ||   590
       Scale mail        |       |       |       |       |    57 |   865 |    92 ||  1014
Dodge: Dodged            |    59 |    95 |    72 |    81 |   332 |   582 |    56 ||  1277

Table legend: (Time is in decaauts)
 A = Elapsed time spent in this place.
 B = Non-inter-level travel time spent in this place.
 C = Inter-level travel time spent in this place.
 D = Time resting spent in this place.
 E = Time spent auto-exploring this place.
 F = Levels seen in this place.
 G = Mean time per level.
                   A        B        C        D        E       F      G
               +--------+--------+--------+--------+--------+-----+--------+
         Total |  60328 |  48789 |  11539 |  16762 |  15255 |  35 | 1723.7 |
       Dungeon |  23166 |  18629 |   4537 |   5278 |   8586 |  13 | 1782.0 |
        Temple |     91 |     88 |      3 |      0 |      0 |   1 |   91.0 |
          Lair |  18185 |  12927 |   5258 |   3744 |   4541 |   6 | 3030.8 |
         Swamp |   6851 |   5964 |    887 |   2842 |    826 |   4 | 1712.8 |
   Spider Nest |   5422 |   5011 |    411 |   2198 |   1157 |   4 | 1355.5 |
  Orcish Mines |   2628 |   2222 |    406 |    103 |    122 |   2 | 1314.0 |
   Elven Halls |    333 |    333 |      0 |     48 |      0 |   1 |  333.0 |
        Vaults |    640 |    605 |     35 |    429 |      0 |   1 |  640.0 |
      Ice Cave |   1659 |   1659 |      0 |   1228 |     22 |   1 | 1659.0 |
        Wizlab |    559 |    559 |      0 |    484 |      0 |   1 |  559.0 |
      Gauntlet |    790 |    790 |      0 |    407 |      0 |   1 |  790.0 |
               +--------+--------+--------+--------+--------+-----+--------+

Top non-repeatable levels by time:
  Lair:4: 6384 daAuts
     D:1: 3959 daAuts
  Lair:1: 3524 daAuts
 Swamp:3: 3202 daAuts
    D:12: 2660 daAuts
  Lair:3: 2460 daAuts
  Lair:2: 2271 daAuts
     D:3: 2253 daAuts
Spider:3: 2079 daAuts
  Lair:5: 2032 daAuts
   Orc:2: 1787 daAuts
     D:7: 1775 daAuts
 Swamp:1: 1758 daAuts
     D:5: 1732 daAuts
   IceCv: 1659 daAuts
